 Dungeon Crawl Stone Soup version 0.23-a0-180-ga5275e7 (webtiles) character file.

97 Gildeon the Covered (level 4, 0/29 HPs)
             Began as a Gargoyle Fighter on Sept 18, 2018.
             Slain by an orc wizard
             ... wielding a +0 dagger
              (1 damage)
             ... on level 2 of the Dungeon.
             The game lasted 00:04:55 (1467 turns).

Gildeon the Covered (Gargoyle Fighter)              Turns: 1467, Time: 00:04:56

Health: 0/29       AC: 13    Str: 20    XL:     4   Next: 68%
Magic:  4/4        EV:  7    Int:  9    God:
Gold:   105        SH:  9    Dex:  9    Spells: 3/3 levels left

rFire    + . .     SeeInvis .   a - +0 flail
rCold    x . .     Gourm    .   c - +0 shield
rNeg     + . .     Faith    .   b - +0 scale mail
rPois    ∞         Spirit   .   y - +0 helmet
rElec    +         Reflect  .   (no cloak)
rCorr    .         Harm     .   (no gloves)
MR       .....                  u - +0 pair of boots
Stlth    ..........             (no amulet)
HPRegen  0.09/turn              e - ring of fire
MPRegen  0.09/turn              (no ring)

@: no status effects
A: negative energy resistance 1, electricity resistance, unbreathing,
petrification resistance, rot immunity, AC +3
a: no special abilities


You were on level 2 of the Dungeon.
You were not hungry.

You visited 1 branch of the dungeon, and saw 3 of its levels.

You collected 105 gold pieces.

Inventory:

Hand Weapons
 a - a +0 flail (weapon)
 q - a cursed -1 hand axe
Armour
 b - a +0 scale mail (worn)
 c - a +0 shield (worn)
 u - a +0 pair of boots (worn)
 y - a +0 helmet (worn)
Jewellery
 e - a ring of fire (left hand)
Scrolls
 j - 2 scrolls of fog {unknown}
 k - a scroll of fear {unknown}
 l - a scroll of random uselessness {unknown}
 m - a scroll of magic mapping {unknown}
 n - 2 scrolls of teleportation {unknown}
 r - a scroll of remove curse {unknown}
 t - 3 scrolls of immolation {unknown}
 w - 2 scrolls of identify {unknown}
Potions
 d - a potion of might
 g - 2 potions of heal wounds {unknown}
 h - 2 potions of flight {unknown}
 i - a potion of agility {unknown}
 o - a potion of lignification {unknown}
 p - 2 potions of magic {unknown}
 s - 4 potions of curing {unknown}
 v - a potion of resistance {unknown}
 x - a potion of haste {unknown}
 z - a potion of brilliance {unknown}
Comestibles
 f - 5 rations
 A - a chunk of flesh


   Skills:
 + Level 3.9 Fighting
 * Level 3.3 Maces & Flails
 + Level 3.9 Armour
 + Level 3.9 Shields


You had 3 spell levels left.
You didn't know any spells.
Your spell library was empty.

Dungeon Overview and Level Annotations

Branches:
Dungeon (3/15)

Altars:


Innate Abilities, Weirdness & Mutations

You are resistant to torment.
Your stone body is resilient. (AC +3)
You are immune to poison.
You resist negative energy. (rN+)
You are resistant to electric shocks. (rElec)
You can survive without breathing.
You are immune to petrification.
You are immune to rotting.


Message History

You kill the bat!
You sock the hobgoblin!
You kill the hobgoblin!
The orc wizard hits you but does no damage.
You climb upwards.
There is a stone staircase leading down here.
You barely miss the orc wizard.
The orc wizard points at you and mumbles some strange words.
The magic dart hits you! The orc wizard closely misses you.
You closely miss the orc wizard. The orc wizard hits you with a dagger.
* * * LOW HITPOINT WARNING * * *
You closely miss the orc wizard. The orc wizard casts a spell at you.
The puff of flame hits you! You resist.
* * * LOW HITPOINT WARNING * * *
Your shield and scale mail prevent you from hitting the orc wizard.
The orc wizard barely misses you.
Your shield and scale mail prevent you from hitting the orc wizard.
The orc wizard hits you with a dagger.
You die...

#....## ##.....## #..##
#.....#####.....####..##
#.#....)# ###.#..####..#
#.......# #..#...###.##
###..#..##
##.###.###..###
#......#####..##........#
###............##########
##..######...# # #..#
##.@## # #..# ##o.### #
######..### ##...## #
....##....#### ##...####
## ###.###.#....#
##[....# ##.
..#..##.####.# ##..#>#
#.. #.##....## #.#
##...##### #.# #.####.<.#
#.##### ##......###.#
#)..##.#.# #.....##
###.##..(...


You could see an orc wizard.

Vanquished Creatures
  2 adders (D:2)
  2 oozes
  A worm (D:2)
  3 dart slugs (D:1)
  3 orcs (D:3)
  9 bats
  2 giant cockroaches
  5 goblins
  5 hobgoblins
  3 jackals (D:1)
  A quokka (D:2)
  2 ball pythons (D:2)
  5 frilled lizards
  7 kobolds
  8 rats
58 creatures vanquished.

Notes
Turn   | Place    | Note
-------+----------+-------------------------------------------
     0 | D:1      | Gildeon the Gargoyle Fighter began the quest for the Orb.
     0 | D:1      | Reached XP level 1. HP: 14/14 MP: 1/1
   184 | D:1      | Reached XP level 2. HP: 19/19 MP: 2/2
   368 | D:1      | Reached XP level 3. HP: 23/23 MP: 3/3
   959 | D:2      | Reached XP level 4. HP: 23/29 MP: 4/4
  1465 | D:2      | HP: 1/29 [orc wizard/puff of flame (5)]
  1467 | D:2      | Slain by an orc wizard

Vault maps used:
D:1:      wheals_arrival_shading, grunt_decor_mini_mirrors, st_stairs_7,
          minmay_tetromino_o2
D:3:      nicolae_overflow_hidden_temple, nicolae_overflow_quartered_altars,
          ebering_ghost_sewer_d, ashenzari_altar_1

Skill      XL: |  1  2  3 |
---------------+----------+-----
Maces & Flails | 3 |  3.3
Fighting       | |  3.9
Armour         | |  3.9
Shields        | |  3.9

Action                   |  1- 3 |  4- 6 || total
-------------------------+-------+-------++-------
Melee: Flail             |   108 |    90 ||   198
  Eat: Chunk             |       |     2 ||     2
Armor: Scale mail        |    83 |    79 ||   162
Dodge: Dodged            |    48 |    34 ||    82
Block: Shield            |    66 |    61 ||   127

Table legend:
 A = Non-vault XP
 B = Vault XP
 C = Vault XP percentage of total XP
 D = Non-vault monster count
 E = Vault monster count
 F = Vault count percentage of total count
                 A         B        C        D         E       F
            +---------+---------+-------+---------+---------+-------
      Total |     136 |       3 |   2.2 |      56 |       2 |   3.4
            +---------+---------+-------+---------+---------+-------
        D:1 |      52 |       3 |   5.5 |      24 |       2 |   7.7
        D:2 |      66 |       0 |   0.0 |      24 |       0 |   0.0
        D:3 |      18 |       0 |   0.0 |       8 |       0 |   0.0
            +---------+---------+-------+---------+---------+-------
